[Event "Titled Tuesday Blitz June 28 Early 2022"]
[White "Novikova, Galina"]
[Black "Vidruska, Renate"]
[WhiteFideId "4157095"]
[BlackFideId "11601841"]
[WhiteElo "1863"]
[BlackElo "1873"]
[Result "0-1"]
[Round "03"]
[TimeControl "180+1"]
[Date "2022.06.28"]
[WhiteClock "0:00:02"]
[BlackClock "0:00:09"]

1. e4 e5 2. Nf3 Nc6 3. d4 exd4 4. Nxd4 Nf6 5. Nxc6 bxc6 6. Qe2 a5 7. Nc3 Bb4 8. Bd2 O-O 9. O-O-O Re8 10. f3 d5 11. e5 d4 12. Nb1 Nd5 13. a3 Bxd2+ 14. Nxd2 Qg5 15. Kb1 Rxe5 16. Ne4 Qe7 17. Qc4 f5 18. Qxc6 Rb8 19. Bc4 Bb7 20. Qa4 fxe4 21. fxe4 Rxe4 22. Qxa5 Re5 23. Qa7 Qe8 24. Qxd4 Kh8 25. Ka1 Nf6 26. Bb3 c5 27. Qd6 Rc8 28. Qb6 Bxg2 29. Rhg1 Bf3 30. Rc1 c4 31. Ba2 c3 32. b4 Ra8 33. Qc7 Re7 34. Qxc3 Bd5 35. Bxd5 Nxd5 36. Qb3 Qf7 37. Qb2 Qe6 38. Rce1 Qxe1+ 39. Rxe1 Rxe1+ 40. Ka2 Ree8 41. c4 Nb6 42. c5 Nc4 43. Qd4 Nxa3 44. Kb3 Nb5 45. Qd7 Rab8 46. c6 Rec8 47. Qe6 Nc7 48. Qd6 Na6 49. Qg3 Nxb4 50. Kc4 Nxc6 51. Kc5 Ne7+ 52. Kd6 Nf5+ 0-1


[Site "https://www.chess.com"]

[Event "Titled Tuesday Blitz June 28 Early 2022"]
[White "Nunez V, Gustavo Eduardo"]
[Black "Buscar, Michael"]
[WhiteFideId "4403690"]
[BlackFideId "2603616"]
[WhiteElo "2228"]
[BlackElo "2010"]
[Result "1-0"]
[Round "03"]
[TimeControl "180+1"]
[Date "2022.06.28"]
[WhiteClock "0:01:37"]
[BlackClock "0:01:12"]

1. e4 c5 2. Nc3 e6 3. g3 a6 4. a4 Qc7 5. Bg2 Nc6 6. d3 Be7 7. Nge2 Nd4 8. O-O Nxe2+ 9. Qxe2 b6 10. f4 Bb7 11. f5 Nf6 12. e5 Nd5 13. Nxd5 Bxd5 14. Bxd5 exd5 15. f6 Bf8 16. fxg7 Bxg7 17. Qf3 Qxe5 18. Qxf7+ Kd8 19. Bf4 Qd4+ 20. Kg2 Rf8 21. Bg5+ Kc8 22. Qh5 Kb7 23. Be7 Rxf1 24. Rxf1 Qxb2 25. Qxd5+ Kc7 26. Bd6+ 1-0


[Site "https://www.chess.com"]

[Event "Titled Tuesday Blitz June 28 Early 2022"]
[White "Odegov, Artem"]
[Black "Mosutha, Thuso"]
[WhiteFideId "34183644"]
[BlackFideId "11302550"]
[WhiteElo "2286"]
[BlackElo "2028"]
[Result "0-1"]
[Round "03"]
[TimeControl "180+1"]
[Date "2022.06.28"]
[WhiteClock "0:00:02"]
[BlackClock "0:00:06"]

1. d4 d5 2. c4 e6 3. Nf3 Nf6 4. Nc3 Be7 5. Bg5 O-O 6. e3 h6 7. Bxf6 Bxf6 8. Qc2 b6 9. h4 Bb7 10. cxd5 exd5 11. g4 c5 12. Rd1 cxd4 13. Nxd4 Nc6 14. Nxc6 Bxc6 15. g5 d4 16. Rg1 hxg5 17. hxg5 Be5 18. Bb5 Bf3 19. Be2 Bb7 20. Nb5 Rc8 21. Qf5 Qd5 22. Nxd4 Bxd4 23. Qxd5 Bxd5 24. Rxd4 Rc1+ 25. Bd1 Bxa2 26. Kd2 Rfc8 27. g6 Rb1 28. Rb4 Rd8+ 29. Ke2 b5 30. b3 Rb2+ 31. Kf3 Rb1 32. gxf7+ Kf8 33. Ke2 Rb2+ 34. Kf3 Rdd2 35. Rf1 a6 36. Rd4 Rxd4 37. exd4 Bxb3 38. Bxb3 Rxb3+ 39. Ke4 Kxf7 40. Ra1 Rb2 41. f4 Re2+ 42. Kd5 Rf2 43. Ke5 Re2+ 44. Kf5 g6+ 45. Kg4 Re6 46. f5 Rd6 47. fxg6+ Kxg6 48. Kf3 Rxd4 49. Rxa6+ Kf5 0-1


[Site "https://www.chess.com"]

[Event "Titled Tuesday Blitz June 28 Early 2022"]
[White "Oliveira, Jonathan De"]
[Black "Papp, Levente"]
[WhiteFideId "2180820"]
[BlackFideId "751243"]
[WhiteElo "2075"]
[BlackElo "2308"]
[Result "0-1"]
[Round "03"]
[TimeControl "180+1"]
[Date "2022.06.28"]
[WhiteClock "0:00:39"]
[BlackClock "0:00:56"]

1. e4 e6 2. d4 d5 3. e5 c5 4. c3 Nc6 5. Nf3 Bd7 6. Bd3 Rc8 7. O-O cxd4 8. Re1 a6 9. Nbd2 dxc3 10. bxc3 Na5 11. a4 Rxc3 12. Bb1 Rc8 13. Nb3 Bb4 14. Re3 Ne7 15. Nbd4 Nc4 16. Rb3 Qa5 17. Bg5 Nc6 18. Rd3 Nb2 19. Qb3 Nxd3 20. Qxd3 Nxd4 21. Nxd4 Bc3 22. Ra3 Bxd4 23. Bd2 Rc1+ 24. Bxc1 Qe1+ 25. Qf1 Bxf2+ 0-1


[Site "https://www.chess.com"]

[Event "Titled Tuesday Blitz June 28 Early 2022"]
[White "Omariev, Maksim"]
[Black "Matveeva, Olga"]
[WhiteFideId "4193423"]
[BlackFideId "24107018"]
[WhiteElo "2480"]
[BlackElo "2052"]
[Result "0-1"]
[Round "03"]
[TimeControl "180+1"]
[Date "2022.06.28"]
[WhiteClock "0:00:01"]
[BlackClock "0:00:07"]

1. g4 d5 2. Bg2 Bxg4 3. c4 e6 4. Qb3 Ne7 5. Qxb7 Nbc6 6. cxd5 exd5 7. Nc3 Rb8 8. Qa6 Nb4 9. Qa4+ Bd7 10. Qd1 d4 11. Ne4 d3 12. exd3 Nxd3+ 13. Kf1 Bb5 14. Ne2 Nf4 15. Nc3 Qd3 16. a4 Ba6 17. b4 Nxg2 18. Rg1 Nf4 19. Rg3 Qc4 20. b5 Bb7 21. d3 Nxd3 22. Qxd3 Qxd3 23. Rxd3 Nf5 24. Bf4 Bd6 25. Bxd6 Nxd6 26. Re3+ Kd7 27. Rd1 Rhe8 28. Nf4 Rxe3 29. fxe3 Re8 30. Kf2 f6 31. Nfd5 Re5 32. Nb4 Kc8 33. Ncd5 Bxd5 34. Rxd5 Ne4+ 35. Kf3 Rxd5 36. Nxd5 Nd2+ 37. Kf4 Nc4 38. Ne7+ Kd7 39. Nc6 Nb6 40. a5 Nc4 41. Nxa7 Nxa5 42. Ke4 Kd6 43. Kd4 Nb3+ 44. Kc3 Nc5 45. Kc4 Ne4 46. Nc8+ Kd7 47. Na7 Nd6+ 48. Kc5 Ne4+ 49. Kd5 Nc3+ 50. Kd4 Ne2+ 51. Kc4 f5 52. Nc6 Kd6 53. Nb4 g5 54. Nd5 f4 55. exf4 gxf4 56. Nf6 f3 57. Kd3 Ke5 58. Nxh7 Kf4 59. Nf6 Nc1+ 60. Kd2 f2 61. Nh5+ Kf3 62. Ng3 Nb3+ 63. Kc3 Nc5 64. Kd4 Nb3+ 65. Kc3 Nc5 66. Kd4 Ne6+ 67. Ke5 Nf4 68. Kf5 Nh5 69. Nf1 Ke2 0-1


[Site "https://www.chess.com"]

[Event "Titled Tuesday Blitz June 28 Early 2022"]
[White "Onslow, Alfie"]
[Black "Sokolovsky, Yahli"]
[WhiteFideId "436976"]
[BlackFideId "2820242"]
[WhiteElo "1885"]
[BlackElo "1770"]
[Result "0-1"]
[Round "03"]
[TimeControl "180+1"]
[Date "2022.06.28"]
[WhiteClock "0:00:01"]
[BlackClock "0:00:48"]

1. e4 g6 2. d4 Bg7 3. Nf3 d6 4. Bc4 e6 5. O-O Ne7 6. Bb3 O-O 7. c3 c5 8. Qe2 Nbc6 9. Be3 b6 10. Nbd2 Bb7 11. h3 Qc7 12. Rac1 Rad8 13. Rfd1 Rfe8 14. Bg5 h6 15. Bh4 g5 16. Bg3 Ng6 17. Qe3 e5 18. h4 g4 19. Nh2 exd4 20. cxd4 Nxd4 21. Nxg4 Nf5 22. Qf3 Nd4 23. Qe3 Kh7 24. h5 Ne5 25. Nxe5 Bxe5 26. Bxe5 dxe5 27. Nf3 Qe7 28. Bc4 Rg8 29. Re1 Qf6 30. Nxd4 exd4 31. Qh3 Bc8 32. Qh2 Rg5 33. e5 Qf3 34. e6 Bb7 35. exf7 Rxg2+ 36. Kf1 Qxf2# 0-1


[Site "https://www.chess.com"]

[Event "Titled Tuesday Blitz June 28 Early 2022"]
[White "Oparin, Grigoriy"]
[Black "Preotu, Razvan"]
[WhiteFideId "24125890"]
[BlackFideId "2613280"]
[WhiteElo "2639"]
[BlackElo "2407"]
[Result "1/2-1/2"]
[Round "03"]
[TimeControl "180+1"]
[Date "2022.06.28"]
[WhiteClock "0:00:06"]
[BlackClock "0:00:01"]

1. g3 c5 2. Bg2 Nc6 3. c4 g6 4. Nc3 Bg7 5. b3 e5 6. e3 Nge7 7. Nge2 O-O 8. O-O d6 9. Bb2 a6 10. Nd5 Nxd5 11. cxd5 Ne7 12. d4 exd4 13. exd4 Bg4 14. f3 Bd7 15. Qd2 Nxd5 16. f4 Bc6 17. Rad1 Ne7 18. dxc5 dxc5 19. Bxg7 Qxd2 20. Rxd2 Kxg7 21. Rc1 Rfd8 22. Rxd8 Rxd8 23. Bxc6 Nxc6 24. Rxc5 Rd2 25. Kf1 Rxa2 26. Rc3 h5 27. h3 Kf6 28. g4 hxg4 29. hxg4 Rb2 30. Rd3 g5 31. Rd6+ Ke7 32. Rd3 gxf4 33. Nxf4 Na5 34. b4 Nc6 35. Re3+ Kf8 36. g5 Rxb4 37. Rf3 Ne5 38. Rf2 Ng4 39. Ne6+ Ke7 40. Rf4 Rxf4+ 41. Nxf4 Kd6 42. Ke2 a5 43. Kd3 b5 44. Kd4 Ne5 45. Ke4 a4 46. Ne2 b4 47. Kd4 a3 48. Nc1 Nc6+ 49. Kc4 Ke5 50. Kc5 a2 51. Nxa2 b3 52. Nc1 Nd4 53. Kc4 Ke4 54. Nd3 Ke3 55. Nb2 Ke4 56. Nd3 Ke3 57. Nb2 Ne6 58. Kxb3 Nxg5 59. Nc4+ Kd4 60. Nd6 f6 61. Nf5+ Ke5 62. Nh6 Ke6 63. Kc3 Nf7 64. Ng4 f5 65. Ne3 f4 66. Ng2 f3 67. Ne3 Ke5 68. Kd3 Kf4 69. Nd1 Ne5+ 70. Kd4 Ng4 71. Kd3 Kg3 72. Ke4 Kg2 73. Kf4 Nh2 74. Ne3+ Kf2 75. Nd1+ Ke2 76. Nc3+ Kd3 77. Ne4 Kd4 78. Ng3 Kd3 79. Nf1 Nxf1 80. Kxf3 1/2-1/2


[Site "https://www.chess.com"]

[Event "Titled Tuesday Blitz June 28 Early 2022"]
[White "Ortega Ruiz, Jose Miguel"]
[Black "Gracia Alvarez, Gerardo Antonio"]
[WhiteFideId "2209713"]
[BlackFideId "5109124"]
[WhiteElo "2292"]
[BlackElo "2139"]
[Result "0-1"]
[Round "03"]
[TimeControl "180+1"]
[Date "2022.06.28"]
[WhiteClock "0:00:08"]
[BlackClock "0:00:23"]

1. c4 c5 2. Nc3 g6 3. g3 Nc6 4. Bg2 Bg7 5. a3 a5 6. Nf3 e5 7. O-O Nge7 8. d3 O-O 9. Be3 d6 10. Rb1 Rb8 11. Nd2 Be6 12. Nb5 Nf5 13. b3 Nxe3 14. fxe3 d5 15. cxd5 Bxd5 16. Nc4 Bxg2 17. Kxg2 e4 18. a4 Qe7 19. Qc2 Nb4 20. Qd2 Rbd8 21. d4 Bh6 22. Nxa5 cxd4 23. Nxd4 Nd5 24. Nc4 Qg5 25. Rf4 Nxf4+ 26. exf4 e3 27. Qxe3 Qd5+ 28. Nf3 Rfe8 29. Qf2 Qe4 30. Rb2 Bg7 31. Rd2 Rxd2 32. Nxd2 Qc2 33. e4 Bc3 34. Qe3 Rd8 35. e5 Bxd2 36. Qe2 Qxb3 37. Nxd2 Qc2 38. e6 Rxd2 39. exf7+ Kxf7 40. Qxd2 Qxd2+ 41. Kg1 Kf6 42. f5 Kxf5 43. g4+ Kxg4 44. h3+ Kg3 45. Kh1 Qh2# 0-1


[Site "https://www.chess.com"]

[Event "Titled Tuesday Blitz June 28 Early 2022"]
[White "Ouellet, Maili-Jade"]
[Black "Sirosh, Ilja"]
[WhiteFideId "2620472"]
[BlackFideId "4500458"]
[WhiteElo "1899"]
[BlackElo "2241"]
[Result "0-1"]
[Round "03"]
[TimeControl "180+1"]
[Date "2022.06.28"]
[WhiteClock "0:00:02"]
[BlackClock "0:00:48"]

1. d4 Nf6 2. c4 c5 3. d5 g6 4. Nc3 Bg7 5. e4 d6 6. f3 e6 7. Bg5 h6 8. Be3 exd5 9. cxd5 h5 10. Nge2 Nbd7 11. Qd2 a6 12. a4 Ne5 13. Nf4 O-O 14. h4 Re8 15. Be2 Rb8 16. Nh3 Bd7 17. a5 Bxh3 18. Rxh3 Nh7 19. Na4 f5 20. exf5 gxf5 21. Kf1 Kh8 22. Nb6 Ng6 23. Bh6 Qe7 24. Bxg7+ Qxg7 25. Nc4 Rbd8 26. Bd3 Ne5 27. Nb6 Nxd3 28. Qxd3 f4 29. Rb1 Qf6 30. Nc4 Nf8 31. Re1 Ng6 32. Rxe8+ Rxe8 33. Kf2 Ne5 34. Nxe5 Rxe5 35. Rh1 Re3 36. Qd2 Rb3 37. Kg1 Rxb2 38. Qe1 Qe5 39. Kh2 Re2 40. Qb1 Qg7 41. Rg1 Qg3+ 42. Kh1 Qxh4# 0-1


[Site "https://www.chess.com"]

[Event "Titled Tuesday Blitz June 28 Early 2022"]
[White "Ozdemir, Serhan Berat"]
[Black "Dinu, Dumitru-Daniel"]
[WhiteFideId "6374611"]
[BlackFideId "1208403"]
[WhiteElo "1920"]
[BlackElo "2240"]
[Result "1-0"]
[Round "03"]
[TimeControl "180+1"]
[Date "2022.06.28"]
[WhiteClock "0:01:05"]
[BlackClock "0:00:31"]

1. e4 c5 2. Nf3 d6 3. d4 cxd4 4. Nxd4 Nf6 5. Nc3 g6 6. Be3 Bg7 7. f3 Nc6 8. Qd2 O-O 9. Bc4 Nxd4 10. Bxd4 a6 11. O-O-O b5 12. Bb3 Be6 13. h4 Bxb3 14. axb3 a5 15. h5 a4 16. b4 a3 17. b3 Qc7 18. hxg6 fxg6 19. g4 e5 20. Be3 Rfc8 21. Nxb5 Qd7 22. Nxd6 Rc6 23. Nc4 Qc7 24. Kb1 Bf8 25. g5 Nh5 26. Qd5+ Kh8 27. b5 a2+ 28. Ka1 Rxc4 29. Qxa8 Kg7 30. bxc4 Qxc4 31. Rd7+ Kg8 32. Qd5+ 1-0


[Site "https://www.chess.com"]

[Event "Titled Tuesday Blitz June 28 Early 2022"]
[White "Ozturk, Efe Hakan"]
[Black "Livaic, Leon"]
[WhiteFideId "34550216"]
[BlackFideId "14531534"]
[WhiteElo "1924"]
[BlackElo "2540"]
[Result "1/2-1/2"]
[Round "03"]
[TimeControl "180+1"]
[Date "2022.06.28"]
[WhiteClock "0:00:08"]
[BlackClock "0:00:54"]

1. Nf3 Nf6 2. c4 b6 3. g3 Bb7 4. Bg2 c5 5. O-O g6 6. Nc3 Bg7 7. b3 O-O 8. Bb2 d5 9. cxd5 Nxd5 10. Qc1 Nc6 11. Nxd5 Qxd5 12. Bxg7 Kxg7 13. Qb2+ f6 14. Rfd1 e5 15. e3 e4 16. Ne1 Qe5 17. d4 exd3 18. Qxe5 fxe5 19. Nxd3 Rf7 20. Bxc6 Bxc6 21. Nxe5 Rc7 22. Nxc6 Rxc6 23. Rd7+ Kh6 24. Rad1 c4 25. bxc4 Rxc4 26. R1d4 Rxd4 27. exd4 g5 28. d5 Kg6 29. Kg2 h5 30. h3 Kf5 31. Rh7 Kg6 32. Rb7 Kf5 33. d6 Ke6 34. d7 Ke7 35. f4 gxf4 36. gxf4 h4 37. Kf3 Kd6 38. Rxa7 Rg8 39. Ra6 Kc7 40. Ra7+ Kd6 41. Ra6 Rg3+ 42. Kf2 Kxd7 43. Rxb6 Rxh3 44. Kg2 Ra3 45. Rh6 Rxa2+ 46. Kh3 Ra1 47. Kxh4 Ke7 48. Kg5 Kf7 49. Kf5 Ra5+ 50. Kg4 Ra1 51. Rb6 Rg1+ 52. Kf5 Ra1 53. Rb7+ Kf8 54. Kf6 Ra6+ 55. Kg5 Rc6 56. f5 Ra6 57. Rc7 Rb6 58. Ra7 Rc6 59. Rb7 Ra6 60. f6 Ra1 61. Kf5 Rf1+ 62. Ke6 Re1+ 63. Kf5 Rf1+ 64. Kg6 Rg1+ 1/2-1/2


[Site "https://www.chess.com"]

[Event "Titled Tuesday Blitz June 28 Early 2022"]
[White "Perez Gormaz, Matias"]
[Black "Mogirzan, Matei-Valeriu"]
[WhiteFideId "3406342"]
[BlackFideId "1257455"]
[WhiteElo "2341"]
[BlackElo "1733"]
[Result "0-1"]
[Round "03"]
[TimeControl "180+1"]
[Date "2022.06.28"]
[WhiteClock "0:00:03"]
[BlackClock "0:00:05"]

1. a3 e5 2. b4 a5 3. Bb2 axb4 4. Bxe5 bxa3 5. Bb2 Nf6 6. Nxa3 d5 7. Nf3 c6 8. c4 Be7 9. e3 O-O 10. Be2 Qb6 11. Qc2 Bf5 12. Qc1 Na6 13. O-O Nc5 14. Nd4 Bd3 15. Bc3 Bxe2 16. Nxe2 Nb3 17. Qb2 Bxa3 18. Rxa3 Rxa3 19. Qxa3 dxc4 20. Bxf6 gxf6 21. Qe7 c5 22. Rd1 Qd8 23. Qxb7 Nxd2 24. Nc3 Qd3 25. Nd5 Rd8 26. Nxf6+ Kg7 27. Nh5+ Kf8 28. Kh1 c3 29. h3 c2 30. Rc1 Nb3 31. Kh2 Nxc1 32. Qb2 Ne2 33. Qg7+ Ke8 34. Nf6+ Ke7 35. Ng4 Qd6+ 36. f4 c1=Q 37. Qg5+ f6 38. Qg7+ Ke8 39. Nxf6+ Qxf6 40. Qxf6 Qg1# 0-1


[Site "https://www.chess.com"]

[Event "Titled Tuesday Blitz June 28 Early 2022"]
[White "Pert, Nicholas"]
[Black "Wartiovaara, Oliver"]
[WhiteFideId "403989"]
[BlackFideId "513024"]
[WhiteElo "2536"]
[BlackElo "1971"]
[Result "0-1"]
[Round "03"]
[TimeControl "180+1"]
[Date "2022.06.28"]
[WhiteClock "0:00:23"]
[BlackClock "0:00:22"]

1. Nf3 c5 2. g3 g6 3. Bg2 Bg7 4. c4 Nc6 5. Nc3 Nf6 6. a3 O-O 7. Rb1 d5 8. cxd5 Nxd5 9. h4 Nxc3 10. bxc3 Qd6 11. Qc2 b6 12. d3 e5 13. h5 Bb7 14. Be3 Rad8 15. Kf1 Ne7 16. Kg1 Nd5 17. Bd2 f5 18. Ng5 h6 19. Nf3 g5 20. Nxg5 hxg5 21. Bxg5 Bh6 22. Bxd8 Rxd8 23. e4 Nf6 24. exf5 Bxg2 25. Kxg2 Qd5+ 26. f3 Ng4 27. Qb3 Ne3+ 28. Kh3 c4 29. Qb5 Qxf3 30. Qxe5 Qxh5# 0-1


[Site "https://www.chess.com"]

[Event "Titled Tuesday Blitz June 28 Early 2022"]
[White "Pinheiro, Iung Alicio de O."]
[Black "Jovic, Stanoje"]
[WhiteFideId "2104350"]
[BlackFideId "905020"]
[WhiteElo "2283"]
[BlackElo "2286"]
[Result "1-0"]
[Round "03"]
[TimeControl "180+1"]
[Date "2022.06.28"]
[WhiteClock "0:00:14"]
[BlackClock "0:00:14"]

1. e4 c6 2. Nc3 d5 3. Nf3 dxe4 4. Nxe4 Nf6 5. Qe2 Bg4 6. h3 Bxf3 7. Nxf6+ gxf6 8. Qxf3 Qd5 9. Qb3 Qxb3 10. axb3 Rg8 11. g3 e5 12. Bd3 h6 13. Bf5 Bc5 14. d3 h5 15. h4 Nd7 16. c3 Nf8 17. b4 Bb6 18. Ke2 Ne6 19. Re1 Ke7 20. Bh6 Rad8 21. Be4 Nc7 22. Bf3 Nd5 23. Bd2 f5 24. Bxh5 Ke6 25. Bf3 Nf6 26. Bg5 Rd7 27. Bg2 Rgd8 28. Rad1 Re8 29. Bh3 Nd5 30. Kf1 f6 31. Bc1 Ne7 32. d4 Kf7 33. dxe5 Rxd1 34. e6+ Kg6 35. Rxd1 Nd5 36. Re1 f4 37. g4 Bc7 38. Bg2 Be5 39. Be4+ Kg7 40. Bf5 Nc7 41. Rd1 Nd5 42. h5 Kh6 43. Ke2 Kg5 44. Kf3 Nc7 45. Rd7 Nxe6 46. Rxb7 Nc7 47. h6 Kxh6 48. Bxf4+ Bxf4 49. Kxf4 Nd5+ 50. Kg3 Re2 51. Rh7+ 1-0


[Site "https://www.chess.com"]

[Event "Titled Tuesday Blitz June 28 Early 2022"]
[White "Plazuelo Pascual, Juan"]
[Black "Jones, Gawain C B"]
[WhiteFideId "32059566"]
[BlackFideId "409561"]
[WhiteElo "2359"]
[BlackElo "2657"]
[Result "0-1"]
[Round "03"]
[TimeControl "180+1"]
[Date "2022.06.28"]
[WhiteClock "0:00:15"]
[BlackClock "0:01:25"]

1. e4 c5 2. Nf3 g6 3. d4 cxd4 4. Nxd4 Nf6 5. Nc3 d6 6. Be3 Nc6 7. h3 Bg7 8. Qd2 d5 9. exd5 Nxd5 10. Nxc6 bxc6 11. Bd4 Bxd4 12. Qxd4 O-O 13. O-O-O Qb6 14. Na4 Qa5 15. b3 Rd8 16. Qc5 Qc7 17. Bc4 Qf4+ 18. Kb1 Rd6 19. Bxd5 cxd5 20. Rxd5 Bb7 21. Rxd6 exd6 22. Qe3 Qxe3 23. fxe3 Bxg2 24. Rh2 Bc6 25. Rd2 Bxa4 26. bxa4 Rb8+ 27. Kc1 Rb6 28. a5 Rc6 29. Kb2 f5 30. Kb3 Kf7 31. Kb4 a6 32. c4 Ke6 33. a4 g5 34. Kc3 Rc5 35. Rb2 Rxa5 36. Rb7 h5 37. Kb4 Re5 38. Rh7 a5+ 39. Kc3 Rxe3+ 40. Kd4 Re4+ 41. Kd3 Rh4 0-1


[Site "https://www.chess.com"]

[Event "Titled Tuesday Blitz June 28 Early 2022"]
[White "Popilski, Gil"]
[Black "Dardha, Daniel"]
[WhiteFideId "2809060"]
[BlackFideId "240990"]
[WhiteElo "2537"]
[BlackElo "2482"]
[Result "1-0"]
[Round "03"]
[TimeControl "180+1"]
[Date "2022.06.28"]
[WhiteClock "0:00:41"]
[BlackClock "0:01:40"]

1. e4 e5 2. Nf3 Nf6 3. Nxe5 Nxe4 4. Qe2 Qe7 5. Qxe4 d6 6. d4 dxe5 7. dxe5 Nc6 8. Nc3 Qxe5 9. Qxe5+ Nxe5 10. Bf4 Bd6 11. Bg3 h5 12. h3 h4 13. Bh2 Bf5 14. O-O-O O-O-O 15. Nb5 Rhe8 16. Nxd6+ cxd6 17. Bb5 Re6 18. Rhe1 Kc7 19. Re3 f6 20. Rde1 a6 21. Ba4 g5 22. f4 gxf4 23. Bxf4 Re7 24. g4 hxg3 25. Bxg3 b5 26. Bb3 Rde8 27. Kd2 Bxh3 28. Bxe5 Rxe5 29. Rc3+ Kb6 30. Rxe5 fxe5 31. Rxh3 Rf8 32. Rd3 Kc5 33. Rc3+ Kb6 34. Bd5 Rf2+ 35. Ke3 Rh2 36. Rc6+ Ka5 37. a3 b4 38. Bc4 bxa3 39. bxa3 Rh3+ 40. Kd2 Rxa3 41. Rxa6+ Kb4 42. Rxa3 Kxa3 43. Kc3 Ka4 44. Be2 Ka5 45. Kc4 Kb6 46. Kd5 Kc7 47. Bb5 Kb6 48. Ba4 Ka5 49. Be8 Kb4 50. Bg6 Kc3 51. Bd3 Kd2 52. Kxd6 e4 53. Bxe4 Ke3 54. Ke5 Kd2 55. c4 Kc3 56. c5 Kb4 57. c6 Kb5 58. c7 Kb6 59. c8=Q Ka5 60. Qb7 Ka4 61. Bd5 Ka5 62. Bc4 Ka4 63. Kd4 1-0


[Site "https://www.chess.com"]

[Event "Titled Tuesday Blitz June 28 Early 2022"]
[White "Prieto Aranguren, Alain"]
[Black "Taboas Rodriguez, Daniel"]
[WhiteFideId "2268906"]
[BlackFideId "2208466"]
[WhiteElo "2224"]
[BlackElo "2429"]
[Result "0-1"]
[Round "03"]
[TimeControl "180+1"]
[Date "2022.06.28"]
[WhiteClock "0:00:11"]
[BlackClock "0:00:54"]

1. d4 e6 2. e4 d5 3. exd5 exd5 4. Bd3 Nf6 5. Nf3 Bg4 6. O-O Be7 7. Bg5 O-O 8. c3 Nbd7 9. Nbd2 c6 10. Qc2 Bh5 11. Rfe1 Bg6 12. Nf1 Bxd3 13. Qxd3 Ne4 14. Bxe7 Qxe7 15. N3d2 Qd6 16. Nxe4 dxe4 17. Rxe4 Nf6 18. Re2 c5 19. Rae1 Rad8 20. Re7 Rd7 21. Rxd7 Qxd7 22. Ng3 Rd8 23. Nf5 g6 24. Ne7+ Kg7 25. d5 Nxd5 26. Nxd5 Qxd5 27. Qxd5 Rxd5 28. Kf1 Kf6 29. Ke2 b5 30. Rd1 Rxd1 31. Kxd1 Ke5 32. Ke2 g5 33. Ke3 f5 34. f3 f4+ 35. Kd3 c4+ 36. Ke2 a5 37. a3 h5 38. h3 Kd5 39. Kd2 Kc5 40. Kc2 b4 41. axb4+ axb4 42. Kd2 Kb5 43. Kc2 Ka4 44. cxb4 Kxb4 45. Kd2 Kc5 46. Kc3 Kd5 47. Kb4 Kd4 48. Kb5 c3 49. bxc3+ Kxc3 50. Kc5 Kd3 51. Kd5 Ke3 52. Ke5 Kf2 53. Kf5 Kxg2 54. Kxg5 Kxf3 55. Kxh5 Kg3 56. Kg5 f3 57. h4 f2 58. h5 f1=Q 59. h6 Qf7 0-1


[Site "https://www.chess.com"]

[Event "Titled Tuesday Blitz June 28 Early 2022"]
[White "Priyanka Nutakki"]
[Black "Warmerdam, Max"]
[WhiteFideId "25049615"]
[BlackFideId "1048104"]
[WhiteElo "1912"]
[BlackElo "2537"]
[Result "0-1"]
[Round "03"]
[TimeControl "180+1"]
[Date "2022.06.28"]
[WhiteClock "0:00:02"]
[BlackClock "0:00:05"]

1. d4 d5 2. Nf3 e6 3. Bf4 Nf6 4. e3 c5 5. Nbd2 Bd6 6. dxc5 Bxc5 7. Bd3 Bd6 8. Bg5 h6 9. Bh4 Be7 10. O-O O-O 11. c4 dxc4 12. Nxc4 b6 13. Qe2 Bb7 14. Rfd1 Nbd7 15. Nfe5 Nxe5 16. Bh7+ Nxh7 17. Rxd8 Bxd8 18. Bxd8 Nxc4 19. Be7 Rfe8 20. Bb4 Rac8 21. Bc3 Nf6 22. Bxf6 gxf6 23. Qg4+ Kf8 24. Qh4 Kg7 25. Qg4+ Kf8 26. Qh4 Ke7 27. Qxh6 Rg8 28. g3 Ne5 29. Qf4 Nf3+ 30. Kg2 Rc4 31. e4 Bxe4 32. Qe3 f5 33. Rd1 Rgc8 34. Qa3+ Kf6 35. Qe3 Rh8 36. h3 Ng5+ 37. Kf1 Rxh3 38. Rd7 Rh1+ 39. Ke2 Rc2+ 40. Rd2 Bf3+ 41. Kd3 Rxd2+ 42. Kxd2 Rd1+ 43. Kc2 Rd7 44. Qc3+ e5 45. Qc8 Be4+ 46. Kc3 Re7 47. Qd8 Ne6 48. Qh8+ Kg6 49. Qxe5 Rc7+ 50. Kd2 Rc2+ 51. Ke3 Rc1 52. Qh8 Re1+ 53. Kd2 Rh1 54. Qg8+ Kf6 55. Qb8 Rb1 56. Kc3 Rc1+ 57. Kd2 Rc2+ 58. Ke3 Rxb2 59. f4 Rxa2 60. Qe5+ Kg6 61. Qh8 Ra3+ 62. Ke2 Rxg3 63. Qg8+ Ng7 64. Qb8 Rg4 65. Qxa7 b5 66. Qb6+ Ne6 67. Qxb5 Rxf4 68. Qb6 Rg4 69. Kf2 f4 70. Qd6 Rg2+ 71. Kf1 Rg5 72. Kf2 Bf5 73. Qb8 Rh5 74. Qg8+ Kf6 75. Qb8 Be4 76. Kf1 Rh1+ 77. Kf2 Rh2+ 78. Kf1 Rh4 79. Qd6 Kf5 80. Qe7 f6 81. Qd7 Rh5 82. Qf7 Kg5 83. Qxe6 Bf5 84. Qe8 Kg4 85. Qg8+ Kf3 86. Qb3+ Kg4 87. Qd1+ f3 88. Qd4+ Kg3 89. Qf2+ Kf4 90. Qd4+ Kg5 91. Qe3+ Kg4 92. Qd4+ Kh3 93. Qxf6 Kg3 94. Qg7+ Bg4 95. Qe5+ Kh3 96. Qf4 Rf5 97. Qh6+ Kg3 98. Qd6+ Rf4 99. Qd2 Bh3+ 100. Kg1 f2+ 101. Qxf2+ Rxf2 102. Kh1 Rf1# 0-1


[Site "https://www.chess.com"]

[Event "Titled Tuesday Blitz June 28 Early 2022"]
[White "Przybylski, Wojciech"]
[Black "Gardezi, Arsal"]
[WhiteFideId "1117599"]
[BlackFideId "30949521"]
[WhiteElo "2133"]
[BlackElo "1781"]
[Result "1-0"]
[Round "03"]
[TimeControl "180+1"]
[Date "2022.06.28"]
[WhiteClock "0:00:08"]
[BlackClock "0:00:16"]

1. e4 e5 2. Nf3 Nc6 3. d4 exd4 4. Nxd4 Bc5 5. Nxc6 Qf6 6. Qf3 dxc6 7. Nc3 Be6 8. Bd3 O-O-O 9. Bd2 Ne7 10. Qxf6 gxf6 11. f4 f5 12. e5 Rhg8 13. g3 Nd5 14. a3 Nb6 15. Ke2 Nc4 16. Bc1 Bd4 17. Nd1 h5 18. c3 Bb6 19. b3 Na5 20. b4 Nc4 21. Ne3 Nxe3 22. Bxe3 h4 23. Rhg1 hxg3 24. hxg3 Rh8 25. Bxb6 Rh2+ 26. Ke3 axb6 27. Be2 Bd5 28. Rad1 Rdh8 29. Bd3 R2h3 30. Bxf5+ Be6 31. Bxh3 Rxh3 32. Ke4 Bd5+ 33. Kf5 Rh5+ 34. Kg4 Rh2 35. f5 Rf2 36. Rdf1 Rc2 37. e6 fxe6 38. f6 e5 39. f7 Be6+ 40. Kg5 Bxf7 41. Rxf7 Rxc3 42. Rh1 Kb8 43. Rh8+ Ka7 44. g4 Rxa3 45. Rxc7 e4 46. Re8 e3 47. Ree7 Ka6 48. Rxb7 e2 49. Ra7+ Kb5 50. Rxa3 e1=Q 51. Rxe1 Kxb4 1-0


[Site "https://www.chess.com"]

[Event "Titled Tuesday Blitz June 28 Early 2022"]
[White "Pulpan, Jakub"]
[Black "Garcia Cuenca, Victor"]
[WhiteFideId "302759"]
[BlackFideId "2250829"]
[WhiteElo "2495"]
[BlackElo "2317"]
[Result "1-0"]
[Round "03"]
[TimeControl "180+1"]
[Date "2022.06.28"]
[WhiteClock "0:00:55"]
[BlackClock "0:00:13"]

1. e4 c5 2. Nf3 d6 3. d4 cxd4 4. Nxd4 Nf6 5. Nc3 Nc6 6. Bg5 e5 7. Nf5 Bxf5 8. exf5 Be7 9. Bc4 O-O 10. O-O d5 11. Bxf6 dxc4 12. Bxe7 Qxe7 13. Qg4 Qc5 14. f6 g6 15. Ne4 Qb6 16. Qg5 Nd4 17. Qh6 Nf5 18. Qh3 Qd4 19. Rae1 h5 20. g4 hxg4 21. Qxg4 Rad8 22. Kh1 Nd6 23. Qh4 Nxe4 24. Rxe4 Qd2 25. Rg1 Rd4 26. f4 Qxc2 27. Rxe5 Rd1 28. Qh6 Rxg1+ 29. Kxg1 Qd1+ 30. Kf2 Qd2+ 31. Kf3 Qd1+ 32. Re2 Qf1+ 33. Kg3 Qg1+ 34. Kh3 Qf1+ 35. Kh4 g5+ 36. Qxg5+ Kh8 37. Qg7# 1-0


[Site "https://www.chess.com"]

[Event "Titled Tuesday Blitz June 28 Early 2022"]
[White "Riehle, Marco"]
[Black "Bettalli, Francesco"]
[WhiteFideId "12904392"]
[BlackFideId "2816453"]
[WhiteElo "2462"]
[BlackElo "2216"]
[Result "1-0"]
[Round "03"]
[TimeControl "180+1"]
[Date "2022.06.28"]
[WhiteClock "0:01:02"]
[BlackClock "0:00:32"]

1. e4 e5 2. Nf3 Nf6 3. Nxe5 Nxe4 4. Qe2 Qe7 5. Qxe4 d6 6. d4 dxe5 7. Qxe5 Qxe5+ 8. dxe5 Nc6 9. Bb5 Bd7 10. Bf4 O-O-O 11. Nc3 Bb4 12. O-O-O Rhe8 13. Nd5 Bc5 14. Nxc7 Kxc7 15. e6+ Kb6 16. exd7 Re4 17. Bxc6 Rxf4 18. Bf3 Bxf2 19. Rhf1 Be3+ 20. Kb1 Kc7 21. Rfe1 Bb6 22. c3 Rxd7 23. Rxd7+ Kxd7 24. Bxb7 Rf2 25. Bf3 f5 26. h3 Bc7 27. a4 g5 28. Ka2 Bf4 29. Ka3 Kd6 30. b4 g4 31. hxg4 fxg4 32. Ba8 h5 33. c4 h4 34. c5+ Kd7 35. b5 Rd2 36. a5 Rd3+ 37. Ka2 Rd2+ 38. Kb3 h3 39. gxh3 gxh3 40. b6 axb6 41. cxb6 h2 42. Rf1 Be5 43. Kc4 Ra2 44. Kb5 Rb2+ 45. Ka6 Bc3 46. Rd1+ Rd2 47. Rxd2+ Bxd2 48. Kb5 Kc8 49. a6 Be3 50. Bh1 1-0


[Site "https://www.chess.com"]